 Dungeon Crawl Stone Soup version 0.28-a0-1629-gf728b707aa (webtiles) character file.

Game seed: 2769584260918205033

227 oldriver the Ducker (level 6, 0/46 HPs)
             Began as a Djinni Venom Mage on Jan 24, 2022.
             Slain by an ogre (20 damage)
             ... on level 4 of the Dungeon.
             The game lasted 00:04:15 (4662 turns).

oldriver the Ducker (Djinni Venom Mage)             Turns: 4662, Time: 00:04:16

Health: 0/46       AC:  5    Str:  7    XL:     6   Next: 22%
Gold:   97         EV: 13    Int: 18    God:
                   SH:  0    Dex: 14

rFire   + + +      SeeInvis .   j - +2 dagger (venom)
rCold   x . .      Faith    .   (no shield)
rNeg    . . .      Spirit   .   m - +3 robe of Insecurity {rF+ Regen+}
rPois   ∞          Reflect  .   (no helmet)
rElec   .          Harm     .   (no cloak)
rCorr   .          Rampage  .   (no gloves)
Will    .....                   (boots unavailable)
Stlth   ++........              (no amulet)
HPRegen 0.95/turn               (no ring)
MPRegen 0.00/turn               (no ring)

@: flying, very slightly contaminated
A: sickness immunity, fire resistance 2, cold vulnerability 1, float, innate
caster, hp casting, extra vitality 1
a: no special abilities


You were on level 4 of the Dungeon.
You visited 1 branch of the dungeon, and saw 4 of its levels.
You also visited: Sewer.

You collected 97 gold pieces.

Inventory:

Hand Weapons
 j - a +2 dagger of venom (weapon)
Missiles
 e - 3 javelins
Armour
 m - the +3 robe of Insecurity (worn) {rF+ Regen+}
   (You found it on level 3 of the Dungeon)

   rF:        It protects you from fire.
   Regen:     It increases your rate of health regeneration.
Scrolls
 b - a scroll of amnesia
 d - a scroll of teleportation {unknown}
 k - a scroll of magic mapping
 l - a scroll of noise {unknown}
Potions
 c - a potion of ambrosia {unknown}
 f - a potion of brilliance {unknown}
 g - a potion of degeneration
 h - a potion of might
 n - a potion of curing
Miscellaneous
 i - a box of beasts


   Skills:
 + Level 3.0 Fighting
 + Level 4.2 Dodging
 - Level 1.5 Stealth
 + Level 3.4 Spellcasting


You couldn't memorise any spells.
You knew the following spells:

 Your Spells              Type           Power      Damage    Failure   Level
a - Sting                 Tmut/Pois      60%        1d6       3%          1
b - Poisonous Vapours     Pois/Air       30%        N/A       6%          2
c - Mephitic Cloud        Conj/Pois/Air  15%        N/A       12%         3
d - Olgreb's Toxic Radia  Pois           15%        N/A       36%         4
e - Apportation           Tloc           30%        N/A       3%          1
f - Passwall              Tmut/Erth      12%        N/A       6%          2
Your spell library was empty.

Dungeon Overview and Level Annotations

Branches:
Dungeon (4/15)             Temple (0/1) D:4           Sewer (visited)

Altars:


Innate Abilities, Weirdness & Mutations

You are immune to sickness and miasma.
You are immune to poison.
Your flesh is very heat resistant. (rF++)
You are vulnerable to cold. (rC-)
You float through the air rather than walking.
You learn spells naturally, not from books.
Your magical power is your life essence.
You have superior vitality. (+4 MHP)


Message History

The sting hits the orc.
The orc looks even sicker.
You kill the orc!
The sting hits the ogre.
The ogre is poisoned.
The ogre is lightly wounded.
You miscast Sting.
You are very lightly contaminated with residual magic.
Nothing appears to happen.
The ogre hits you with a +0 giant club!!
Ouch! That really hurt!
You are too injured to fight recklessly!
There is an open door here.
As you read the scroll of fear, it crumbles to dust.
You assume a fearsome visage.
The ogre looks frightened!
You are too injured to fight recklessly!
Casting: Sting (safe; 3% risk of failure)
Confirm with . or Enter, or press ? or * to list all spells.
Aiming: Sting (safe; 3% risk of failure)
Press: ? - help, Shift-Dir - straight line, f/p - ogre
Aim: an ogre, wielding a +0 giant club (lightly wounded, fleeing, poisoned, 88% to hit)
The sting hits the ogre.
The ogre looks even sicker.
The ogre is lightly wounded.
Your attack snaps the ogre out of its fear.
Casting: Sting (safe; 3% risk of failure)
Confirm with . or Enter, or press ? or * to list all spells.
Aiming: Sting (safe; 3% risk of failure)
Press: ? - help, Shift-Dir - straight line, f/p - ogre
Aim: an ogre, wielding a +0 giant club (moderately wounded, very poisoned, 88% to hit)
The sting hits the ogre.
The ogre looks even sicker.
The ogre is moderately wounded.
Unknown command.
Casting: Sting (safe; 3% risk of failure)
Confirm with . or Enter, or press ? or * to list all spells.
Aiming: Sting (safe; 3% risk of failure)
Press: ? - help, Shift-Dir - straight line, f/p - ogre
Aim: an ogre, wielding a +0 giant club (moderately wounded, very poisoned, 88% to hit)
The sting hits the ogre but does no damage.
The ogre looks as sick as possible!
The ogre is moderately wounded.
The ogre hits you with a +0 giant club!!
You die...

,,,**+#.≈#≈.≈#≈≈#**...#*****
,,,#..#.≈#≈.≈#≈≈#*,.....,,,*
,,,#..#.≈#≈†≈#≈≈#*,.......,*
,,,#..#≈≈#≈.≈#≈.#*,........#****
,,,#..#≈≈#≈.≈#≈≈#*,........,,,,**
.,,#..#≈≈#≈.≈#≈≈#*,.......,#,.,,*
..,+..≈≈≈##≈†..≈#*,,,,,..#.#.#*,*
...#...≈≈###..≈###,,,,,.....,**,*
...##...##.#####@#*,,##.#.#..#*,*
*#.....##...####O#####.......#*,,
,#.....#.......#.).....#.*,*,,,,,
<#.....#.......#.....#.......#,,,
,#.....'.......#...#...#.>.#..,*,
*#.....#.##...###....#.......#,,,
.....###.########......#.#.#..,*,
.....#...'.....'....##.......#,,,
.....#...#.....#....###.#.#.##**,


You could see an ogre (extremely poisoned).

Vanquished Creatures
  A water moccasin (Sewer)
  Jessica (D:2)
  2 adders
  A worm (D:2)
  3 dart slugs
  2 orcs
  5 endoplasms
  9 giant cockroaches
  3 goblins (D:1)
  6 hobgoblins
  2 jackals (Sewer)
  4 kobolds
  8 quokkas
  4 ball pythons
  5 bats
  4 frilled lizards
  8 rats
68 creatures vanquished.

Notes
Turn   | Place    | Note
-------+----------+-------------------------------------------
     0 | D:1      | oldriver the Djinni Venom Mage began the quest for the Orb.
     0 | D:1      | Reached XP level 1. HP: 15/15 MP: 0/0
   428 | D:1      | Reached XP level 2. HP: 19/22 MP: 0/0
   763 | D:1      | Reached skill level 1 in Fighting
   989 | D:1      | You are sucked into a shaft and drop 1 floor!
  1160 | D:2      | Noticed Jessica
  1177 | D:2      | Killed Jessica
  1178 | D:2      | Reached skill level 3 in Dodging
  1178 | D:2      | Reached XP level 3. HP: 18/27 MP: 0/0
  1178 | D:2      | Learned a level 1 spell: Apportation
  1285 | D:2      | Reached XP level 4. HP: 24/33 MP: 0/0
  2564 | D:1      | Found a faded altar of an unknown god.
  3380 | D:3      | Reached XP level 5. HP: 26/38 MP: 0/0
  3380 | D:3      | Learned a level 2 spell: Passwall
  3817 | D:3      | Identified the +3 robe of Insecurity {rF+ Regen+}
  4360 | D:4      | Found a glowing drain.
  4379 | Sewer    | Entered a sewer
  4420 | Sewer    | Noticed a water moccasin
  4489 | Sewer    | Killed a water moccasin
  4490 | Sewer    | Reached skill level 4 in Dodging
  4490 | Sewer    | Reached XP level 6. HP: 45/46 MP: 0/0
  4640 | D:4      | Found a staircase to the Ecumenical Temple.
  4644 | D:4      | Noticed an ogre
  4662 | D:4      | Slain by an ogre

Illustrated notes

Levels and vault maps discovered:
D:1:      dpeg_arrival_boxorama, layout_basic, basic_ecumenical_altar
D:2:      layout_loops_ring, uniq_jessica
D:3:      layout_loops_cross, grunt_ministairs_15
D:4:      layout_gridville, mainiacjoe_overflow_24_doors,
          minmay_temple_entry_sparse_star, serial_shops,
          nicolae_inconvenience_store, gup_sewer_entry_pipe,
          kennysheep_small_circle

Skill      XL: |  1  2  3  4  5 |
---------------+----------------+-----
Fighting       | 1 2 3 |  3.0
Dodging        | 3 4 |  4.2
Spellcasting   | 3 |  3.4
Stealth        | |  1.5

Action                   |  1- 3 |  4- 6 || total
-------------------------+-------+-------++-------
Melee: Unarmed           |     2 |       ||     2
       Dagger            |       |    11 ||    11
       Punch             |       |     1 ||     1
 Cast: Sting             |    35 |   109 ||   144
       Poisonous Vapours |     5 |     3 ||     8
  Use: Scroll            |       |     7 ||     7
       Potion            |       |     2 ||     2
Armor: Robe              |       |    13 ||    13
Dodge: Dodged            |     9 |    41 ||    50

Table legend: (Time is in decaauts)
 A = Elapsed time spent in this place.
 B = Non-inter-level travel time spent in this place.
 C = Inter-level travel time spent in this place.
 D = Time resting spent in this place.
 E = Time spent auto-exploring this place.
 F = Levels seen in this place.
 G = Mean time per level.
                   A        B        C        D        E       F      G
               +--------+--------+--------+--------+--------+-----+--------+
         Total |   4662 |   4598 |     64 |   1337 |   2650 |   5 |  932.4 |
       Dungeon |   4453 |   4389 |     64 |   1300 |   2574 |   4 | 1113.2 |
         Sewer |    208 |    208 |      0 |     37 |     76 |   1 |  208.0 |
               +--------+--------+--------+--------+--------+-----+--------+

Top non-repeatable levels by time:
     D:1: 1742 daAuts
     D:3: 1308 daAuts
     D:2: 1245 daAuts
   Sewer: 208 daAuts
     D:4: 157 daAuts
